AoeStats
← turlockjj

Arabian Desert

509268158Analyzed
1v1 RM · 7d ago on Sep 26, 2026· 37m 55s· 2 players
Game mode
Random Map
Map size
Tiny (2 player)
Population
200
Speed
Normal
Resources
Standard
Victory
Conquest
Starting age
Dark Age
Ending age
Imperial Age
RankedLock teamsTeams togetherTeam positionsShared explorationLock speedFull tech treeHidden civsTurbo modeCheats
Victory
Defeat
🇨🇷 Burgundians · Costa Rica
833
+12
🇺🇸 Vietnamese · United States
752
-25
turlockjj
12:39 Feudal Age
12:47 Man-at-Arms
12:55 Man-at-Arms
14:59 Horse Collar
20:15 Wheelbarrow
20:53 Double-Bit Axe
ludaroja
2:21 Loom
10:07 Feudal Age
9:03 Double-Bit Axe
10:27 Horse Collar
11:09 Bow Saw
12:38 Heavy Plow
16:48 Gold Mining
21:43 Castle Age
19:30 Loom
19:43 Stone Mining
20:59 Gold Shaft Mining
21:05 Padded Archer Armor
22:22 Scale Barding Armor
22:28 Forging
21:49 Cavalier
22:39 Husbandry
23:43 Stone Shaft Mining
23:53 Crossbowman
26:12 Two-Man Saw
24:52 Light Cavalry
27:45 Wheelbarrow
28:03 Fletching
31:20 Crop Rotation
34:00 Hand Cart
36:55 Iron Casting
37:28 Chain Barding Armor
Connection lost

Rejoining the realm…

Still unreachable

The connection could not be restored.

Session expired

The server has moved on; the page needs a fresh start.